AoeStats
← EsquedaKING

Black Forest

508145942Analyzed
4v4 RM · 11d ago on Sep 21, 2026· 47m 16s· 8 players
Game mode
Random Map
Map size
Large (8 player)
Population
200
Speed
Normal
Resources
Standard
Victory
Conquest
Starting age
Dark Age
Ending age
Imperial Age
RankedLock teamsTeams togetherTeam positionsShared explorationLock speedFull tech treeHidden civsTurbo modeCheats
Victory
Defeat
🇦🇺 Turks · Australia
1173
+12
🇨🇦 Persians · Canada
1099
+15
🇲🇽 Gurjaras · Mexico
1078
+16
🇺🇸 Teutons · United States
1071
+16
🇲🇽 Bohemians · Mexico
1130
-17
🇩🇪 Spanish · Germany
1110
-16
🇺🇸 Khmer · United States
1055
-14
🇲🇽 Lithuanians · Mexico
1018
-12
iamjackscolon
5:02 Loom
11:41 Feudal Age
13:27 Wheelbarrow
17:58 Castle Age
16:32 Stone Mining
18:13 Double-Bit Axe
18:21 Gold Mining
20:53 Bow Saw
22:17 Fishing Lines
23:11 Horse Collar
23:36 Gillnets
25:09 Demolition Ship
25:43 Fletching
26:48 Heavy Plow
28:57 Scale Mail Armor
30:42 Hand Cart
31:33 Bodkin Arrow
35:07 Imperial Age
33:20 Padded Archer Armor
34:22 Masonry
34:23 Fortified Wall
35:08 Chain Mail Armor
35:04 Forging
35:32 Ballistics
36:59 Chemistry
37:07 Two-Man Saw
37:02 Crop Rotation
36:58 Conscription
37:04 Crenellations
36:29 Pikeman
37:51 Block Printing
40:09 Elite Teutonic Knight
41:38 Siege Engineers
43:46 Plate Mail Armor
43:51 Iron Casting
luenlome25
1:36 Loom
13:42 Feudal Age
14:51 Double-Bit Axe
19:39 Wheelbarrow
18:51 Fishing Lines
26:39 Castle Age
24:48 Horse Collar
26:25 Stone Mining
26:29 Gold Mining
29:18 Gold Shaft Mining
29:18 Stone Shaft Mining
29:31 Gillnets
32:53 Bow Saw
32:46 Heavy Plow
36:45 Imperial Age
34:55 Fortified Wall
34:58 Masonry
36:09 Bloodlines
35:59 Husbandry
36:08 Scale Barding Armor
36:14 Forging
37:24 Chain Barding Armor
37:59 Caravan
38:46 Conscription
38:40 Heavy Camel Rider
39:57 Frontier Guards
40:31 Kshatriyas
41:46 Plate Barding Armor
41:46 Iron Casting
41:03 Fletching
42:19 Light Cavalry
43:12 Hussar
44:17 Bodkin Arrow
marineEdgeLord
0:27 Loom
4:41 Loom
11:11 Feudal Age
16:05 Castle Age
14:01 Double-Bit Axe
14:46 Fishing Lines
17:02 Bow Saw
18:30 Wheelbarrow
20:45 Horse Collar
21:03 Gillnets
21:38 Heavy Plow
27:04 Hand Cart
30:04 Imperial Age
28:14 Stone Mining
28:16 Gold Mining
30:02 Scale Barding Armor
30:07 Forging
31:19 Chain Barding Armor
31:03 Husbandry
31:14 Bloodlines
32:17 Chemistry
31:16 Elite War Elephant
32:57 Iron Casting
33:03 Gold Shaft Mining
34:13 Plate Barding Armor
36:35 Blast Furnace
36:19 Conscription
37:01 Caravan
Jimi
0:36 Loom
14:12 Feudal Age
18:39 Castle Age
16:47 Double-Bit Axe
17:16 Fishing Lines
19:12 Gillnets
21:38 Bow Saw
24:05 Horse Collar
25:12 Heavy Plow
29:27 Wheelbarrow
29:17 Stone Mining
31:04 Hand Cart
34:21 Imperial Age
32:38 Padded Archer Armor
34:39 Gold Mining
35:09 Artillery
35:31 Conscription
35:55 Leather Archer Armor
35:53 Town Watch
36:54 Masonry
37:20 Ring Archer Armor
37:44 Gold Shaft Mining
37:12 Elite Janissary
40:05 Hoardings
40:03 Fletching
45:21 Two-Man Saw
RaffaEP
0:29 Loom
11:52 Feudal Age
15:52 Castle Age
14:33 Double-Bit Axe
14:37 Horse Collar
15:08 Fishing Lines
15:40 Stone Mining
17:57 Bow Saw
19:31 Wheelbarrow
26:47 Bloodlines
28:23 Fervor
30:02 Scale Barding Armor
30:07 Forging
31:22 Hand Cart
31:37 Gillnets
35:13 Imperial Age
32:36 Town Watch
33:42 Tusk Swords
34:21 Town Patrol
36:15 Chain Barding Armor
36:31 Iron Casting
38:15 Plate Barding Armor
37:50 Double Crossbow
38:11 Conscription
38:27 Hoardings
39:53 Chemistry
38:59 Siege Engineers
38:52 Murder Holes
39:18 Ballistics
39:09 Masonry
38:31 Pikeman
38:57 Arson
40:34 Blast Furnace
39:25 Fletching
39:36 Scale Mail Armor
39:37 Padded Archer Armor
39:12 Halberdier
40:36 Elite Ballista Elephant
44:23 Chain Mail Armor
44:04 Bodkin Arrow
44:24 Leather Archer Armor
Lord_Farquaad
0:36 Loom
16:32 Feudal Age
22:33 Castle Age
22:27 Double-Bit Axe
23:33 Fletching
32:42 Horse Collar
33:46 Bow Saw
37:48 Imperial Age
35:54 Wheelbarrow
38:45 Chemistry
38:46 Forging
38:37 Scale Mail Armor
38:10 Pikeman
EsquedaKING
13:34 Feudal Age
18:00 Castle Age
22:40 Double-Bit Axe
24:14 Forging
24:09 Scale Barding Armor
26:09 Bloodlines
25:59 Husbandry
28:31 Wheelbarrow
31:05 Imperial Age
31:07 Cavalier
32:28 Paladin
36:11 Iron Casting
35:56 Chain Barding Armor
38:39 Chemistry
38:10 Onager
haspirits
1:34 Loom
15:55 Feudal Age
16:26 Double-Bit Axe
16:23 Fishing Lines
21:22 Castle Age
19:16 Horse Collar
20:22 Stone Mining
21:57 Gillnets
22:20 Bow Saw
23:53 Wheelbarrow
24:42 Fletching
26:23 Hand Cart
27:03 Gold Mining
30:29 Imperial Age
34:33 Stone Shaft Mining
35:26 Chemistry
34:47 Ballistics
36:31 Elite Cannon Galleon
41:29 Two-Man Saw
40:26 Bodkin Arrow
42:49 Bombard Tower
43:27 Fervor
43:40 Sanctity
Connection lost

Rejoining the realm…

Still unreachable

The connection could not be restored.

Session expired

The server has moved on; the page needs a fresh start.